 Dungeon Crawl Stone Soup version 0.24.1-1-gd1d2a07e1b (webtiles) character file.

Game seed: 12627491396225231196, levelgen mode: deterministic

829 MajorAdolf the Chopper (level 7, 0/64 HPs)
             Began as a Naga Wanderer on Apr 11, 2020.
             Slain by an ogre
             ... wielding a +0 giant spiked club
              (28 damage)
             ... on level 5 of the Dungeon.
             The game lasted 00:07:27 (5937 turns).

MajorAdolf the Chopper (Naga Wanderer)              Turns: 5937, Time: 00:07:28

Health: 0/64       AC: 15    Str: 17    XL:     7   Next: 97%
Magic:  8/8        EV:  5    Int: 11    God:
Gold:   165        SH:  0    Dex: 14    Spells: 6/6 levels left

rFire    . . .     SeeInvis +   u - +0 war axe
rCold    . . .     Gourm    .   (no shield)
rNeg     + . .     Faith    .   i - +3 chain mail
rPois    +         Spirit   .   x - +0 helmet
rElec    .         Reflect  .   (no cloak)
rCorr    .         Harm     .   t - +2 pair of gloves
MR       .....                  (no barding)
Stlth    ..........             (no amulet)
HPRegen  0.20/turn              n - ring of positive energy
MPRegen  0.11/turn              o - +3 ring of strength

@: short of breath, very slow
A: large, see invisible, deformed body, poison resistance, slowness 2, slow
metabolism 1, spit poison 1, AC +2
a: Spit Poison


You were on level 5 of the Dungeon.
You were not hungry.

You visited 1 branch of the dungeon, and saw 5 of its levels.

You collected 165 gold pieces.

Inventory:

Hand Weapons
 a - a +2 hand axe
 u - a +0 war axe (weapon)
Armour
 c - a +0 robe
 h - a cursed +0 chain mail
 i - a +3 chain mail (worn)
 j - a +0 ring mail
 s - a +2 robe of magic resistance
 t - a +2 pair of gloves (worn)
 x - a +0 helmet (worn)
Jewellery
 n - a ring of positive energy (left hand)
 o - a +3 ring of strength (right hand)
Wands
 p - a wand of enslavement (9)
 B - a wand of disintegration (17)
 C - a wand of clouds (5)
Scrolls
 b - 6 scrolls of teleportation
 f - 2 scrolls of amnesia {unknown}
 r - a scroll of identify
 v - 2 scrolls of enchant weapon {unknown}
 w - a scroll of remove curse
 y - a scroll of fog
 D - a scroll of fear {unknown}
 E - a scroll of noise {unknown}
Potions
 e - 3 potions of brilliance
 g - a potion of ambrosia
 k - a potion of heal wounds
 l - a potion of magic {unknown}
 m - a potion of curing {unknown}
 q - a potion of agility {unknown}
 z - 2 potions of degeneration {unknown}
 A - 2 potions of mutation {unknown}
Comestibles
 d - 7 rations
 F - 3 chunks of flesh


   Skills:
 - Level 4.0 Fighting
 * Level 7.0 Axes
 + Level 4.3 Armour
 - Level 1.5 Stealth
 + Level 2.5 Evocations


You had 6 spell levels left.
You didn't know any spells.
Your spell library was empty.

Dungeon Overview and Level Annotations

Branches:
Dungeon (5/15)
 Temple: D:4-7

Altars:

Shops:
D:4 **}


Innate Abilities, Weirdness & Mutations

You cannot wear boots.
Your serpentine skin is tough. (AC +2)
You have supernaturally acute eyesight. (SInv)
Armour fits poorly on your strangely shaped body.
Your system is resistant to poisons. (rPois)
You cover ground very slowly.
You have a slow metabolism.
You can spit poison.


Message History

The ogre is moderately wounded.
The ogre hits you with a +0 giant spiked club!
You hit the ogre but do no damage.
The ogre is moderately wounded.
The ogre hits you with a +0 giant spiked club!
You hit the ogre.
The ogre is heavily wounded.
Press: ? - help, Shift-Dir - straight line, f - ogre
Aim: an ogre, wielding a +0 giant spiked club (heavily wounded)
The splash of poison hits the ogre!
The ogre is almost dead.
You feel slightly more hungry.
The ogre hits you with a +0 giant spiked club!
You are too injured to fight recklessly!
You are too injured to fight recklessly!
You are too injured to fight recklessly!
You barely miss the ogre.
The ogre is almost dead.
The ogre hits you with a +0 giant spiked club!!
You die...

#.#...#.#
.........#
#.#...#<#
........#
#.#...#.#
.......#
#.#......
......#
#.###.#.#
!....
#.......# .a.
###########..#
#O#
#...))))....>#
#@#
#.############
#.# #.# #.#
#.# #.# #.#
#.# #.# #.#
#.# #.# #.#
#.# #.# #.#
#.#


You could see an ogre and a worker ant.

Vanquished Creatures
  Sigmund (D:2)
  5 orc wizards
  A bullfrog skeleton (D:3)
  4 orc priests
  Jessica (D:2)
  4 worker ants
  A howler monkey zombie (D:4)
  7 gnolls
  A howler monkey skeleton (D:4)
  7 adders
  An ooze (D:5)
  An adder zombie (D:5)
  2 worms (D:3)
  2 dart slugs (D:1)
  5 leopard geckos
  11 orcs
  10 bats
  6 giant cockroaches
  6 goblins
  10 hobgoblins
  8 jackals
  3 quokkas
  4 frilled lizards
  5 kobolds
  A quokka skeleton (D:4)
  5 rats
112 creatures vanquished.

Notes
Turn   | Place    | Note
-------+----------+-------------------------------------------
     0 | D:1      | MajorAdolf the Naga Wanderer began the quest for the Orb.
     0 | D:1      | MajorAdolf set off with the following items: a +2 hand axe,
                  | 2 scrolls of teleportation, a +0 robe, a ration
     0 | D:1      | Reached XP level 1. HP: 22/22 MP: 1/1
   108 | D:1      | Reached skill level 2 in Axes
   108 | D:1      | Reached XP level 2. HP: 22/30 MP: 2/2
  1054 | D:1      | Reached XP level 3. HP: 31/36 MP: 3/3
  1455 | D:1      | Reached skill level 3 in Axes
  1955 | D:2      | Noticed Jessica
  1961 | D:2      | Killed Jessica
  1961 | D:2      | Reached XP level 4. HP: 31/44 MP: 4/4
  2158 | D:2      | Noticed Sigmund
  2387 | D:2      | Killed Sigmund
  2387 | D:2      | Reached skill level 5 in Axes
  2387 | D:2      | Reached XP level 5. HP: 41/50 MP: 5/5
  2387 | D:2      | Reached XP level 6. HP: 47/57 MP: 6/6
  3824 | D:3      | Reached skill level 6 in Axes
  3833 | D:3      | Reached XP level 7. HP: 55/64 MP: 7/7
  4293 | D:4      | Found Ysibunt's Assorted Antiques.
  4295 | D:4      | Found Nackyger's Gadget Shoppe.
  4757 | D:4      | Found Lusonal's Assorted Antiques.
  5071 | D:5      | Entered Level 5 of the Dungeon
  5803 | D:5      | Reached skill level 7 in Axes
  5937 | D:5      | Slain by an ogre

Levels and vault maps discovered:
D:1:      eino_arrival_cavern_b, layout_basic, minmay_quantized
D:2:      layout_rooms, first_ration, serial_co_window_serial,
          co_window_paths_a, co_window_paths_a, co_window_corner_a,
          co_window_corner_a, co_window_of_opportunity_a, co_window_paths_b,
          co_window_corner_a, co_window_corner_b, co_window_broadway_a,
          co_window_corner_b, co_window_paths_c, co_window_corner_b,
          glass_columns_a, glass_columns_c, glass_columns_a, glass_columns_b,
          minmay_misc_feat_pillars, minivault_14, uniq_sigmund, uniq_jessica
D:3:      layout_loops_ring
D:4:      minmay_skewed_foursquare, layout_basic, serial_shops,
          nicolae_shop_overgrown_old_shop, shop, nicolae_shop_waterfront
D:5:      layout_basic

Skill      XL: |  1  2  3  4  5  6  7 |
---------------+----------------------+-----
Axes           | 2 3 5 6 7 |  7.0
Armour         | 3 4 |  4.3
Evocations     | 2 |  2.5
Fighting       | |  4.0
Stealth        | |  1.5

Action                   |  1- 3 |  4- 6 |  7- 9 || total
-------------------------+-------+-------+-------++-------
Melee: Hand axe          |    63 |   106 |       ||   169
       War axe           |       |    65 |   144 ||   209
 Abil: Spit Poison       |       |     6 |     2 ||     8
  Use: Scroll            |       |     6 |     1 ||     7
 Stab: Sleeping          |     4 |     2 |     1 ||     7
  Eat: Chunk             |     2 |     6 |     6 ||    14
Armor: Robe              |    11 |    35 |     5 ||    51
       Ring mail         |     7 |    54 |       ||    61
       Chain mail        |       |       |   121 ||   121
Dodge: Dodged            |    33 |   109 |    56 ||   198
